 Dungeon Crawl Stone Soup version 0.17.1-3-g152610e (webtiles) character file.

7471 sveltemanboy the Martial Artist (level 10, 0/71 HPs)
             Began as a Demonspawn Monk on Apr 13, 2016.
             Was a High Priest of Okawaru.
             Slain by an unseen horror (2 damage)
             ... on level 11 of the Dungeon.
             The game lasted 00:36:39 (10253 turns).

sveltemanboy the Martial Artist (Demonspawn Monk)  Turns: 10253, Time: 00:36:39

Health: 0/71       AC: 11    Str: 13    XL:     10   Next: 94%
Magic:  12/13      EV: 16    Int: 16    God:    Okawaru [*****.]
Gold:   613        SH:  0    Dex: 13    Spells: 4 memorised, 2 levels left

rFire  . . .     SeeInvis .       - Unarmed
rCold  . . .     Clarity  .     n - +1 leather armour "Fiazikaz" {Regen+ Dex-2 Slay+3}
rNeg   . . .     SustAt   .     (no shield)
rPois  .         Gourm    .     (no helmet)
rElec  .         Spirit   .     o - +1 cloak
rCorr  +         Warding  .     C - +0 pair of gloves
rMut   .         Stasis   .     (no boots)
MR     +....                    p - amulet of resist corrosion
Stlth  +++.......               y - ring of protection from magic
                                e - ring of wizardry

@: heroism, somewhat resistant to hostile enchantments, fairly stealthy
A: claws 1, slimy green scales 1, blink, clever 1, sense surroundings 1, powered
by pain 3, spit poison 1, MP-powered wands
a: Spit Poison, Blink, Heroism, Finesse, Renounce Religion


You were on level 11 of the Dungeon.
You worshipped Okawaru.
Okawaru was extremely pleased with you.
You were very hungry.

You visited 1 branch of the dungeon, and saw 11 of its levels.
You also visited: Ossuary and Bailey.

You collected 673 gold pieces.
You spent 60 gold pieces at shops.

Inventory:

Armour
 n - the +1 leather armour "Fiazikaz" (worn) {Regen+ Dex-2 Slay+3}
   (You found it on level 4 of the Dungeon)

   It affects your dexterity (-2).
   It affects your accuracy and damage with ranged weapons and melee attacks
   (+3).
   It increases your rate of regeneration.
 o - a +1 cloak (worn)
 C - a +0 pair of gloves (worn)
Jewellery
 e - a ring of wizardry (left hand)
 p - an amulet of resist corrosion (around neck)
 q - an uncursed ring of invisibility
 w - an uncursed amulet of rage
 y - a ring of protection from magic (right hand)
 H - an uncursed ring of positive energy
Wands
 r - a wand of confusion (24)
 v - a wand of polymorph (24)
 B - a wand of confusion (4)
 G - a wand of disintegration (8)
 K - a wand of cold (4)
Scrolls
 a - 3 scrolls of recharging
 d - 2 scrolls of amnesia
 f - 9 scrolls of remove curse
 s - 3 scrolls of fog
Potions
 g - 2 potions of cancellation
 j - a potion of flight
 l - 7 potions of curing
 x - 2 potions of brilliance
 z - a potion of resistance
 A - a potion of agility
 D - a potion of magic
 E - a potion of might
 I - a potion of ambrosia {unknown}
Books
 t - a book of Dreams

   Spells                             Type                      Level
   a - Ensorcelled Hibernation        Hexes/Ice                    2
   b - Phase Shift                    Translocation                5
   c - Shadow Creatures               Summoning                    5
   d - Silence                        Hexes/Air                    5
   e - Darkness                       Hexes                        6
   f - Mass Confusion                 Hexes                        6
 u - a book of Necromancy

   Spells                             Type                      Level
   a - Pain                           Necromancy                   1
   b - Animate Skeleton               Necromancy                   1
   c - Vampiric Draining              Necromancy                   3
   d - Regeneration                   Charms/Necromancy            3
   e - Animate Dead                   Necromancy                   4
   f - Control Undead                 Necromancy                   4
 F - a book of Callings

   Spells                             Type                      Level
   a - Summon Small Mammal            Summoning                    1
   b - Call Imp                       Summoning                    2
   c - Call Canine Familiar           Summoning                    3
   d - Summon Guardian Golem          Hexes/Summoning              3
   e - Summon Lightning Spire         Summoning/Air                4
   f - Summon Ice Beast               Ice/Summoning                4
Comestibles
 b - 12 bread rations
 c - 6 beef jerkies
 h - 5 meat rations
 i - a royal jelly
 k - 2 slices of pizza
 m - 12 fruits


   Skills:
 - Level 4.0(9.0) Fighting
 - Level 5.0(10.0) Armour
 - Level 3.0(8.0) Dodging
 - Level 1.7(6.7) Stealth
 + Level 11.1(16.1) Unarmed Combat
 - Level 2.0 Spellcasting
 + Level 8.3 Summonings
 + Level 4.5 Necromancy
 - Level 5.1 Invocations


You had 2 spell levels left.
You knew the following spells:

 Your Spells              Type           Power        Failure   Level  Hunger
a - Shadow Creatures      Summ           N/A          10%         5    ######.
b - Call Imp              Summ           ####....     1%          2    ###....
c - Call Canine Familiar  Summ           ####....     1%          3    ###....
d - Animate Skeleton      Necr           N/A          1%          1    #......


Dungeon Overview and Level Annotations

Branches:
Dungeon (11/15)            Temple (0/1) D:6            Lair (0/8) D:9
    Orc (0/4) D:11

Altars:
Ashenzari
Fedhas
Gozag
Makhleb
Okawaru
Vehumet
Xom
Yredelemnul
Zin

Shops:
D:7 *%   D:10 *


Innate Abilities, Weirdness & Mutations

You have sharp fingernails.
You are partially covered in slimy green scales (AC +2).
You are powered by pain.
You can translocate small distances at will.
Your mind is acute. (Int +2)
You passively map a small area around you.
You can spit weak poison.
You expend magic power (3 MP) to strengthen your wands.


Message History

Something hits you but does no damage. Something hits you.
* * * LOW HITPOINT WARNING * * *
You closely miss something. Something hits you.
* * * LOW HITPOINT WARNING * * *
Something hits you.
* * * LOW HITPOINT WARNING * * *
You closely miss something. Something completely misses you.
Something hits you.
* * * LOW HITPOINT WARNING * * *
Something hits you.
* * * LOW HITPOINT WARNING * * *
You gain the combat prowess of a mighty hero.
You feel slightly more hungry. Something completely misses you.
Something hits you.
* * * LOW HITPOINT WARNING * * *
You punch something! Something barely misses you. Something hits you.
* * * LOW HITPOINT WARNING * * *
Something hits you.
You die...

######### #.......#
#.......#
#.......########### *
# #..5....@..........
.
###..########........,
.
#....#......#....####
# #....#.....$#....# #
#....'.....##....# #
#...5#...:.#.....# #
####.#.....#.....# #
#.'...###.....# #
#.#####.......# #


You could see a friendly iron imp.

Vanquished Creatures
  Snorg (D:10)
  The ghost of Urist the Covered, a novice HOFi of Ashenzari (D:10)
  A hill giant (D:11)
  The ghost of sveltemanboy the Insei, a novice DsMo of Okawaru (D:5)
  A troll (D:10)
  A spriggan (D:9)
  3 wargs
  A hippogriff (D:8)
  A hungry ghost (D:7)
  2 orc warriors
  2 sky beasts
  A water moccasin (D:6)
  A phantom (D:4)
  2 necrophages
  2 gnoll sergeants (Bailey)
  An ogre (D:9)
  The ghost of Urist the Gusty, an amateur HEAE (D:3)
  A centaur (D:8)
  Blork the orc (D:5)
  3 giant frogs (D:7)
  A big kobold (D:11)
  2 water moccasin zombies (Ossuary)
  A scorpion (D:8)
  A wyvern skeleton (D:9)
  6 killer bees
  7 crimson imps
  3 gnoll shamans
  A centaur zombie (D:9)
  A centaur skeleton (D:5)
  A giant frog skeleton (D:6)
  Ijyb (D:2)
  6 hounds
  An iguana (D:5)
  6 jellies
  10 orc priests
  12 orc wizards
  6 worker ants
  A killer bee zombie (D:9)
  A big kobold zombie (Ossuary)
  A hound zombie (D:6)
  4 hound skeletons
  A mummy (Ossuary)
  A worker ant zombie (D:9)
  13 gnolls
  7 adders
  4 shadow imps
  An ooze (D:3)
  3 adder skeletons
  6 adder zombies
  2 worms
  38 orcs
  2 ball pythons
  3 bats
  5 giant cockroaches
  8 goblins
  7 quokkas
  6 giant geckos
  7 giant newts
  A gnoll zombie (Ossuary)
  2 hobgoblin zombies (Ossuary)
  7 jackals
  8 kobolds
  6 kobold zombies (Ossuary)
  4 orc zombies (Ossuary)
  7 rats
250 creatures vanquished.

Vanquished Creatures (collateral kills)
  A hippogriff (D:10)
  A warg (D:9)
  An orc warrior (D:11)
  2 giant frogs
  3 killer bees (D:9)
  An orc priest (D:9)
  A jelly (D:9)
  A quasit (D:8)
  2 orc wizards
  A worker ant (D:8)
  2 big kobold zombies (Ossuary)
  A mummy (Ossuary)
  A shadow imp (D:8)
  An adder zombie (Ossuary)
  5 orcs
  3 hobgoblin zombies (Ossuary)
  A kobold (D:11)
28 creatures vanquished.

Grand Total: 278 creatures vanquished

Notes
Turn   | Place    | Note
--------------------------------------------------------------
     0 | D:1      | sveltemanboy the Demonspawn Monk began the quest for the Orb.
     0 | D:1      | Reached XP level 1. HP: 18/18 MP: 1/1
   483 | D:1      | Gained mutation: You sometimes gain a little power by taking damage. [demonic ancestry]
   483 | D:1      | Reached XP level 2. HP: 21/24 MP: 2/2
  1006 | D:2      | Noticed Ijyb
  1064 | D:2      | Killed Ijyb
  1064 | D:2      | Reached skill level 1 in Armour
  1064 | D:2      | Reached XP level 3. HP: 2/30 MP: 3/3
  1735 | D:2      | Reached skill level 4 in Fighting
  1735 | D:2      | Reached XP level 4. HP: 29/37 MP: 4/4
  2132 | D:3      | Found an iron altar of Okawaru.
  2191 | D:3      | Became a worshipper of Warmaster Okawaru
  2191 | D:3      | Reached * piety under Okawaru
  2191 | D:3      | Reached ** piety under Okawaru
  2222 | D:3      | Noticed Urist's ghost (amateur HEAE)
  2239 | D:3      | Killed Urist's ghost
  2239 | D:3      | Reached skill level 1 in Invocations
  2239 | D:3      | Gained mutation: You sometimes gain power by taking damage. [demonic ancestry]
  2239 | D:3      | Reached XP level 5. HP: 40/42 MP: 2/6
  2344 | D:3      | Found a shattered altar of Ashenzari.
  3106 | D:4      | Got a faintly glowing leather armour
  3117 | D:4      | Identified the cursed +1 leather armour "Fiazikaz" {Regen+ Dex-2 Slay+3} (You found it on level 4 of the Dungeon)
  3118 | D:4      | Noticed a phantom
  3135 | D:4      | Killed a phantom
  3135 | D:4      | Reached XP level 6. HP: 48/48 MP: 7/7
  3181 | D:4      | Found a burning altar of Makhleb.
  3182 | D:4      | Found a radiant altar of Vehumet.
  3197 | D:4      | Reached skill level 5 in Unarmed Combat
  3318 | D:4      | Reached *** piety under Okawaru
  3596 | D:4      | Gained mutation: You are powered by pain. [demonic ancestry]
  3596 | D:4      | Reached XP level 7. HP: 54/54 MP: 8/8
  3742 | D:5      | Entered Level 5 of the Dungeon
  3857 | D:5      | Noticed sveltemanboy's ghost (novice DsMo)
  3882 | D:5      | Killed sveltemanboy's ghost
  3882 | D:5      | Reached **** piety under Okawaru
  3882 | D:5      | Reached skill level 6 in Unarmed Combat
  4038 | D:5      | Reached skill level 7 in Unarmed Combat
  4038 | D:5      | Reached XP level 8. HP: 54/60 MP: 9/9
  4299 | D:5      | Reached skill level 5 in Armour
  4468 | D:5      | Noticed Blork the orc
  4476 | D:5      | Killed Blork the orc
  4567 | D:5      | Reached skill level 8 in Unarmed Combat
  4747 | D:6      | Learned a level 5 spell: Shadow Creatures
  5021 | D:6      | Found a staircase to the Ecumenical Temple.
  5127 | D:6      | Found a glowing silver altar of Zin.
  5127 | D:6      | Found a blossoming altar of Fedhas.
  5261 | D:6      | Reached skill level 1 in Spellcasting
  5261 | D:6      | Reached skill level 1 in Summonings
  5345 | D:6      | Learned a level 2 spell: Call Imp
  5476 | D:6      | Gained mutation: You can translocate small distances at will. [potion of mutation]
  5476 | D:6      | Gained mutation: Scrolls take you a little longer to read. [potion of mutation]
  5476 | D:6      | Gained mutation: You expend magic power (3 MP) to strengthen your wands. [potion of mutation]
  5477 | D:6      | Lost mutation: Scrolls take you a little longer to read. [potion of mutation]
  5477 | D:6      | Gained mutation: You passively map a small area around you. [potion of mutation]
  5498 | D:7      | Found Vish's General Store.
  5577 | D:7      | Gained mutation: You have sharp fingernails. [demonic ancestry]
  5577 | D:7      | Reached XP level 9. HP: 65/65 MP: 12/12
  5618 | D:7      | Found Nuvagasch's Food Shoppe.
  5643 | D:7      | Reached ***** piety under Okawaru
  5643 | D:7      | Reached skill level 9 in Unarmed Combat
  5661 | D:7      | Found Pululoagh's Antique Weapon Shop.
  6120 | D:7      | Found a flagged portal.
  6141 | Bailey   | Entered a bailey
  6275 | Bailey   | Learned a level 3 spell: Call Canine Familiar
  6476 | Bailey   | Reached skill level 5 in Summonings
  6733 | D:8      | Gained mutation: You are clumsy. (Dex -2) [mutagenic meat]
  6735 | D:8      | Gained mutation: Your mind is acute. (Int +2) [mutagenic meat]
  6736 | D:8      | Lost mutation: You are clumsy. (Dex -2) [mutagenic meat]
  6826 | D:8      | Found a sand-covered staircase.
  6835 | Ossuary  | Entered an ossuary
  6916 | Ossuary  | Received a gift from Okawaru
  6922 | Ossuary  | Got a slimy chain mail {god gift}
  6933 | Ossuary  | Identified the +1 chain mail of the Crown {rF+ rCorr} (Okawaru gifted it to you in an ossuary)
  7104 | D:8      | Found a basalt altar of Yredelemnul.
  7107 | D:8      | Learned a level 1 spell: Animate Skeleton
  7192 | D:8      | Reached skill level 10 in Unarmed Combat
  7630 | D:8      | Found a shimmering altar of Xom.
  7800 | D:9      | Gained mutation: You are partially covered in slimy green scales (AC +2). [demonic ancestry]
  7800 | D:9      | Reached XP level 10. HP: 67/71 MP: 13/13
  7983 | D:9      | Found a staircase to the Lair.
  8089 | D:9      | Reached skill level 5 in Invocations
  8523 | D:9      | Gained mutation: You can spit weak poison. [potion of beneficial mutation]
  8900 | D:9      | Reached skill level 1 in Necromancy
  9144 | D:10     | Entered Level 10 of the Dungeon
  9169 | D:10     | Found Ziyqos's Assorted Antiques.
  9175 | D:10     | Noticed Snorg
  9187 | D:10     | Killed Snorg
  9241 | D:10     | Bought a scroll labeled HUADAFONLU for 32 gold pieces
  9241 | D:10     | Bought a grey potion for 28 gold pieces
  9330 | D:10     | Found an opulent altar of Gozag.
  9358 | D:10     | Noticed Urist's ghost (novice HOFi)
  9374 | D:10     | Killed Urist's ghost
  9499 | D:10     | Got a crystal long sword
  9873 | D:11     | Found a staircase to the Orcish Mines.
  9878 | D:11     | Reached skill level 11 in Unarmed Combat
 10077 | D:11     | Noticed a hill giant
 10089 | D:11     | Killed a hill giant
 10253 | D:11     | HP: 2/71 [something (6)]
 10253 | D:11     | Slain by an unseen horror

Action                   |  1- 3 |  4- 6 |  7- 9 | 10-12 || total
-------------------------+-------+-------+-------+-------++-------
Melee: Unarmed           |   163 |   172 |   542 |   179 ||  1056
 Cast: Call Imp          |       |       |    13 |    13 ||    26
       Call Canine Famil |       |       |     9 |    12 ||    21
       Animate Skeleton  |       |       |       |     7 ||     7
       Shadow Creatures  |       |       |       |     1 ||     1
Invok: Heroism           |       |     1 |     3 |     4 ||     8
Evoke: Wand              |       |     4 |       |       ||     4
  Use: Potion            |     1 |       |     3 |     6 ||    10
       Scroll            |       |       |    20 |     4 ||    24
 Stab: Sleeping          |     1 |     4 |     7 |     1 ||    13
  Eat: Chunk             |     2 |     7 |    22 |     9 ||    40
       Pizza             |       |       |       |     1 ||     1
